 Dungeon Crawl Stone Soup version 0.29-a0-284-gf9362112df (webtiles) character file.

Game seed: 9870520499184474655

38 Dabor the Digger (level 3, 0/26 HPs)
             Began as a Demigod Earth Elementalist on Mar 15, 2022.
             Succumbed to an adder's poison
             ... on level 3 of the Dungeon.
             The game lasted 00:02:41 (1391 turns).

Dabor the Digger (Demigod Earth Elementalist)       Turns: 1391, Time: 00:02:42

Health: 0/26       AC:  2    Str:  9    XL:     3   Next: 10%
Magic:  1/8        EV: 12    Int: 21    God:
Gold:   59         SH:  0    Dex: 14    Spells: 2/6 levels left

rFire   . . .      SeeInvis .   (no weapon)
rCold   . . .      Faith    .   (no shield)
rNeg    . . .      Spirit   .   b - +0 robe
rPois   .          Reflect  .   (no helmet)
rElec   .          Harm     .   (no cloak)
rCorr   .          Rampage  .   (no gloves)
Will    .....                   (no boots)
Stlth   ++........              (no amulet)
HPRegen 0.08/turn               (no ring)
MPRegen 0.11/turn               (no ring)

@: brilliant, lethally poisoned (0 -> -5)
A: high MP 1, forlorn, divine attributes
a: no special abilities


You were on level 3 of the Dungeon.
You visited 1 branch of the dungeon, and saw 3 of its levels.

You collected 59 gold pieces.

Inventory:

Armour
 b - a +0 robe (worn)
Potions
 c - 2 potions of magic


   Skills:
 + Level 2.2 Dodging
 + Level 2.2 Stealth
 + Level 2.1 Spellcasting
 + Level 1.4 Transmutations
 + Level 3.0 Earth Magic


You had 2 spell levels left.
You knew the following spells:

 Your Spells              Type           Power      Damage    Failure   Level
a - Sandblast             Erth           44%        2d11      4%          1
b - Stone Arrow           Conj/Erth      24%        3d8       24%         3

Your spell library contained the following spells:

 Spells                   Type           Power      Damage    Failure   Level
 Passwall                 Tmut/Erth      14%        N/A       9%          2
 Petrify                  Tmut/Erth      17%        N/A       50%         4


Dungeon Overview and Level Annotations

Branches:
Dungeon (3/15)

Annotations:
D:2 Jessica


Innate Abilities, Weirdness & Mutations

You have an increased reservoir of magic. (+10% MP)
You shall have no god before yourself.
Your divine heritage dramatically boosts your attributes as you level up.


Message History

The adder attacks as you move away! The adder bites you.
You feel sick.
You feel sick.
You feel sick. The adder attacks as you move away! The adder bites you.
You feel sick. The adder bites you but does no damage.
You feel sick.
You feel sick. The adder attacks as you move away! The adder bites you.
You are more poisoned.
The adder poisons you!
You feel sick. The adder bites you but does no damage.
Casting: Stone Arrow (extremely dangerous; 24% risk of failure)
Confirm with . or Enter, or press ? or * to list all spells.
The spell is extremely dangerous to miscast (24% risk of failure)!
Continue anyway?
Okay, then.
Casting: Stone Arrow (extremely dangerous; 24% risk of failure)
Confirm with . or Enter, or press ? or * to list all spells.
The spell is extremely dangerous to miscast (24% risk of failure)!
Continue anyway?
Aiming: Stone Arrow (extremely dangerous; 24% risk of failure)
Press: ? - help, Shift-Dir - straight line, f/p - adder
Aim: an adder (43% to hit)
The stone arrow misses the adder.
You feel sick. The adder closely misses you.
It was a potion of brilliance.
You feel clever all of a sudden.
You feel sick. The adder bites you.
* * * LOW HITPOINT WARNING * * *
As you read the scroll labelled SAAMUM WAESELIGESK, it crumbles to dust.
The creatures around you are filled with an inner flame!
It was a scroll of immolation.
You feel sick. The adder bites you.
* * * LOW HITPOINT WARNING * * *
You are more poisoned.
The adder poisons you! The adder barely misses you.
As you read the scroll labelled COHIPP BOGAOCW, it crumbles to dust.
It is a scroll of identify.
g - a scroll of blinking
* * * LOW HITPOINT WARNING * * *
You feel sick. The adder closely misses you.
Blink to where?
Press: ? - help, Dir - move target, p - adder
As you read the scroll of blinking, it crumbles to dust.
You die...

#.# #.#
#########.#
#.........#
#S#########
#ยง# #.#
#.# #@# #.#
#.# #.# #..
###


You could see an adder (inner flame).

Vanquished Creatures
  An adder (D:2)
  A dart slug (D:1)
  2 endoplasms (D:1)
  A giant cockroach (D:1)
  2 jackals (D:1)
  3 kobolds (D:1)
  4 quokkas
  A ball python (D:1)
  3 bats
  4 goblins
  3 rats (D:2)
25 creatures vanquished.

Notes
Turn   | Place    | Note
-------+----------+-------------------------------------------
     0 | D:1      | Dabor the Demigod Earth Elementalist began the quest for
                  | the Orb.
     0 | D:1      | Reached XP level 1. HP: 14/14 MP: 5/5
    65 | D:1      | Reached skill level 1 in Transmutations
   547 | D:1      | Reached XP level 2. HP: 20/20 MP: 5/7
  1067 | D:2      | Reached skill level 3 in Earth Magic
  1067 | D:2      | Reached XP level 3. HP: 26/26 MP: 3/8
  1316 | D:2      | Noticed Jessica
  1361 | D:3      | Learned a level 3 spell: Stone Arrow
  1391 | D:3      | Succumbed to an adder's poison

Illustrated notes

Levels and vault maps discovered:
D:1:      ncdulo_smallfort, layout_rooms, shapermc_ecumenical_altar_venn
D:2:      layout_basic, uniq_jessica
D:3:      layout_loops_ring, minmay_misc_feat_room

Skill      XL: |  1  2 |
---------------+-------+-----
Transmutations | 1 |  1.4
Stealth        | 2 |  2.2
Dodging        | 2 |  2.2
Spellcasting   | 2 |  2.1
Earth Magic    | 3 |  3.0

Action                   || total
-------------------------++-------
Melee: Unarmed           ||     3
 Cast: Sandblast         ||    39
       Stone Arrow       ||     2
  Use: Scroll            ||     3
       Potion            ||     1
Armor: Robe              ||     5
Dodge: Dodged            ||    16

Table legend: (Time is in decaauts)
 A = Elapsed time spent in this place.
 B = Non-inter-level travel time spent in this place.
 C = Inter-level travel time spent in this place.
 D = Time resting spent in this place.
 E = Time spent auto-exploring this place.
 F = Levels seen in this place.
 G = Mean time per level.
                   A        B        C        D        E       F      G
               +--------+--------+--------+--------+--------+-----+--------+
         Total |   1391 |   1382 |      9 |      0 |   1167 |   3 |  463.7 |
       Dungeon |   1391 |   1382 |      9 |      0 |   1167 |   3 |  463.7 |
               +--------+--------+--------+--------+--------+-----+--------+

Top non-repeatable levels by time:
     D:1: 1007 daAuts
     D:2: 329 daAuts
     D:3: 55 daAuts
